 Dungeon Crawl Stone Soup version 0.28-a0-804-g60983d4ba9 (webtiles) character file.

Game seed: 4637493294645492892

17486 cheechan the Spear-Bearer (level 12, -7/166 HPs)
             Began as a Naga Fighter on Nov 7, 2021.
             Was a High Priest of Okawaru.
             Killed from afar by Jorgrun (20 damage)
             ... with an iron shot
             ... while petrified by Jorgrun
             ... on level 13 of the Dungeon.
             The game lasted 01:08:14 (11846 turns).

cheechan the Spear-Bearer (Naga Fighter)           Turns: 11846, Time: 01:08:15

Health: -7/166     AC: 26    Str: 21    XL:     12   Next: 48%
Magic:  13/13      EV:  1    Int: 12    God:    Okawaru [*****.]
Gold:   821        SH:  0    Dex: 10    Spells: 9/12 levels left

rFire   x . .      SeeInvis +   k - +10 trident of Gushusai {vorpal, +Blink rN+ Int+3 Dex-3}
rCold   + . .      Faith    .   p - +0 tower shield
rNeg    + + +      Spirit   .   (armour currently unavailable)
rPois   ∞          Reflect  .   (helmet currently unavailable)
rElec   .          Harm     .   (cloak currently unavailable)
rCorr   +          Rampage  .   (gloves currently unavailable)
Will    +....      NoTele   +   (no barding)
Stlth   +++.......              h - amulet of regeneration
HPRegen 1.37/turn               u - ring of resist corrosion
MPRegen 0.13/turn               J - ring of ice

@: tree-form, petrified, unable to read
A: stationary, stasis, torment immunity, boosted hp, AC +4, large, see
invisible, (deformed body), (poison resistance), (slowness 2), spit poison 1,
(naga tail 1), (horns 1), inability to read while threatened
a: Spit Poison, Renounce Religion, Evoke Blink, Heroism, Finesse, Duel


You were on level 13 of the Dungeon.
You worshipped Okawaru.
Okawaru was extremely pleased with you.
You were a tree.
You visited 2 branches of the dungeon, and saw 14 of its levels.

You collected 905 gold pieces.
You spent 84 gold pieces at shops.

Inventory:

Hand Weapons
 f - a +2 great mace of draining
 k - the +10 trident of Gushusai (weapon) {vorpal, +Blink rN+ Int+3 Dex-3}
   (You found it on level 8 of the Dungeon)

   It inflicts extra damage upon your enemies.
   Int:       It affects your intelligence (+3).
   Dex:       It affects your dexterity (-3).
   rN:        It protects you from negative energy.
   +Blink:    It lets you blink.
 q - the +4 flail "Fickopaq" {speed, Will+ Str+5}
   (You found it on level 4 of the Dungeon)

   Attacks with this weapon are significantly faster.
   Str:       It affects your strength (+5).
   Will:      It increases your willpower.
 t - a +4 whip of draining
 I - the +4 hunting sling of Kunkerao {vorpal, +Blink rCorr Str-3 Int+5}
   (Okawaru gifted it to you on level 12 of the Dungeon)

   Any ammunition fired from it inflicts extra damage upon your enemies.
   Str:       It affects your strength (-3).
   Int:       It affects your intelligence (+5).
   +Blink:    It lets you blink.
   rCorr:     It protects you from acid and corrosion.
Missiles
 c - 2 throwing nets
 d - 80 bolts
 i - 175 sling bullets
 l - 8 boomerangs
 n - 23 poisoned darts
 r - 233 arrows
 L - 4 silver javelins
Armour
 m - a +4 troll leather armour (melded)
 p - a +0 tower shield (worn)
 x - a scarf of shadows (melded)
 G - the +3 barding "Kaewuwn" (melded) {Contam Str+9 Slay+2}
   (Okawaru gifted it to you on level 13 of the Dungeon)

   Str:       It affects your strength (+9).
   Slay:      It affects your accuracy & damage with ranged weapons and melee
   (+2).
   Contam:    It causes magical contamination when unequipped.
 K - a +2 pair of gloves (melded)
Jewellery
 h - an amulet of regeneration (around neck)
 u - a ring of resist corrosion (left branch)
 w - the ring of Vampiric Thralls {Fly rF+ rC+ Str-4}
   (You found it on level 7 of the Dungeon)

   [ring of flight]

   Str:       It affects your strength (-4).
   rF:        It protects you from fire.
   rC:        It protects you from cold.
   Fly:       It grants you flight.
 C - an amulet of reflection
 H - the amulet "Huope Iwe" {RegenMP rN+ Dex+3}
   (You found it on level 11 of the Dungeon)

   [amulet of magic regeneration]

   It increases your rate of magic regeneration.
   Dex:       It affects your dexterity (+3).
   rN:        It protects you from negative energy.
 J - a ring of ice (right branch)
Wands
 b - a wand of acid (15)
 s - a wand of iceblast (10)
 v - a wand of flame (11)
Scrolls
 a - a scroll of blinking
 o - 2 scrolls of teleportation
 z - a scroll of noise
 A - a scroll of identify
 F - 3 scrolls of amnesia
Potions
 e - a potion of attraction
 B - 3 potions of flight
 D - a potion of heal wounds {unknown}
Miscellaneous
 j - a lightning rod (2/4)


   Skills:
 + Level 8.2 Fighting
 + Level 5.3 Short Blades
 + Level 7.8 Maces & Flails
 + Level 9.6 Polearms
 + Level 5.3 Armour
 + Level 6.3 Dodging
 + Level 7.1 Stealth
 + Level 6.5 Shields
 + Level 0.7 Spellcasting
 + Level 0.3 Translocations
 + Level 0.8 Invocations
 + Level 2.4 Evocations


You had 9 spell levels left.
You knew the following spells:

 Your Spells              Type           Power      Damage    Failure   Level
a - Blink                 Tloc           2%         N/A       94%         2
b - Magic Dart            Conj           0%         1d3       88%         1

Your spell library contained the following spells:

 Spells                   Type           Power      Damage    Failure   Level
 Searing Ray              Conj           0%         2d4       96%         2
 Lesser Beckoning         Tloc           1%         N/A       99%         3
 Ozocubu's Armour         Ice            0%         N/A       99%         3
 Portal Projectile        Hex/Tloc       0%         N/A       99%         3
 Swiftness                Air            0%         N/A       99%         3
 Fulminant Prism          Conj/Hex       0%         3d6       100%        4
 Hailstorm                Conj/Ice       0%         3d3       100%        4
 Ice Form                 Ice/Tmut       0%         N/A       100%        4
 Fireball                 Conj/Fire      0%         3d3       100%        5
 Iskenderun's Battlesphe  Conj           0%         2d6       100%        5
 Manifold Assault         Tloc           1%         N/A       100%        5
 Conjure Ball Lightning   Conj/Air       0%         3x3d6     100%        6
 Orb of Destruction       Conj           0%         N/A       100%        7
 Ozocubu's Refrigeration  Ice            0%         4d5       100%        7
 Simulacrum               Ice/Necr       Unusable   N/A       N/A         6
 Malign Gateway           Summ/Tloc      Unusable   N/A       N/A         7

Dungeon Overview and Level Annotations

Branches:
Dungeon (13/15)            Temple (1/1) D:5            Lair (0/6) D:8
    Orc (0/2) D:9
 Vaults: D:13-14

Altars:
Ashenzari
Cheibriados
Dithmenos
Elyvilon
Fedhas
Gozag
Hepliaklqana
Kikubaaqudgha
Makhleb
Nemelex Xobeh
Okawaru
Qazlal
Ru
Sif Muna
Trog
Uskayaw
Vehumet
Wu Jian
Xom
Yredelemnul
Zin
The Shining One
Beogh
Lugonu

Shops:
D:5 ?   D:8 :   D:10 :

Annotations:
D:13 Jorgrun


Innate Abilities, Weirdness & Mutations

You are a tree.
Your roots penetrate the ground, keeping you stationary.
You cannot be teleported.
You are immune to unholy pain and torment.
Your maximum health is greatly increased.
Your equipment is partially melded.
((Your serpentine skin is tough. (AC +4)))
You have supernaturally acute eyesight. (SInv)
((Armour fits poorly on your strangely shaped body.))
((Your system is resistant to poisons. (rPois)))
((You cover ground very slowly.))
You can spit poison.
((You have a snake-like lower body.))
((You have a pair of small horns on your head.))
You sometimes lose the ability to read scrolls when taking damage.


Message History

The troll is severely wounded.
You block the troll's attack. The troll claws you but does no damage.
The troll claws you!
* * * LOW HITPOINT WARNING * * *
You block Jorgrun's attack. The grasping roots constrict you!
* * * LOW HITPOINT WARNING * * *
The troll bites you but does no damage. The troll claws you but does no damage.
The troll claws you.
* * * LOW HITPOINT WARNING * * *
Jorgrun hits you but does no damage. The grasping roots constrict you.
* * * LOW HITPOINT WARNING * * *
You have turned to stone.
The grasping roots release their grip on you.
The troll bites you.
* * * LOW HITPOINT WARNING * * *
The troll claws you but does no damage. x2
Jorgrun casts a spell at you. The troll completely misses you.
The troll claws you but does no damage. x2
Jorgrun hits you with a staff of earth.
* * * LOW HITPOINT WARNING * * *
The troll bites you but does no damage. The troll claws you!
* * * LOW HITPOINT WARNING * * *
The troll claws you but does no damage. Jorgrun hits you but does no damage.
The troll bites you but does no damage.
The troll claws you but does no damage. x2
Jorgrun hits you but does no damage. The troll bites you.
* * * LOW HITPOINT WARNING * * *
The troll claws you but does no damage. The troll claws you.
* * * LOW HITPOINT WARNING * * *
Jorgrun hits you but does no damage. Jorgrun shatters you.
* * * LOW HITPOINT WARNING * * *
The troll bites you.
* * * LOW HITPOINT WARNING * * *
The troll claws you!
* * * LOW HITPOINT WARNING * * *
The troll claws you!
* * * LOW HITPOINT WARNING * * *
Jorgrun casts a spell at you. The iron shot hits you!!!
You die...

......................##..#
...........#...............#
###........##............<.#
#.....<...##.........###.##
###...................# ##
##.....#.............#
......#............## .....
###..........## #.....
.......♣...### ......
#.....Tg.### ......
#.........$ ......
#...........# ......
#............. †.....
#............## ......
#.........#### ..##..
#.......### ..#


You could see Jorgrun and a troll.

Vanquished Creatures
  Kirke (D:13)
  Harold (D:11)
  3 boulder beetles
  The ghost of R007833r the Fighter, a novice DrBe of Trog (D:9)
  A two-headed ogre (D:11)
  A dancing weapon (D:9)
  Urug (D:11)
  Pikel (D:9)
  2 manticores
  A cyclops (D:13)
  A gargoyle (D:11)
  A freezing wraith (D:13)
  Psyche (D:9)
  An unseen horror (D:10)
  2 komodo dragons (D:8)
  A troll (shapeshifter) (D:13)
  A meliai (D:11)
  5 trolls
  A hornet (D:9)
  A shadow (D:9)
  A wraith (D:11)
  A vampire (D:11)
  3 yaks (D:10)
  4 wyverns
  A basilisk (D:8)
  A hog (D:13)
  5 humans (D:13)
  A steam dragon (D:9)
  7 vampire mosquitoes
  An acid dragon (D:8)
  2 water moccasins
  6 orc warriors
  A black bear (D:7)
  3 ogres
  A lemure (D:9)
  A centaur (shapeshifter) (D:11)
  7 centaurs
  2 phantoms
  2 kobold brigands
  5 bullfrogs
  2 gnoll sergeants
  2 scorpions (D:6)
  A water moccasin zombie (D:5)
  A water moccasin skeleton (D:6)
  5 killer bees (D:9)
  3 howler monkeys
  3 jellies
  3 centaur zombies
  A hound (D:4)
  6 orc priests
  A centaur skeleton (D:7)
  A bullfrog skeleton (D:5)
  A gnoll shaman (D:7)
  8 orc wizards
  A hound skeleton (D:4)
  A howler monkey skeleton (D:7)
  13 gnolls
  10 adders
  7 river rats (D:6)
  2 white imps (D:7)
  An ufetubus (D:5)
  3 adder skeletons
  4 worms
  3 dart slugs
  29 orcs
  11 endoplasms
  3 giant cockroaches
  7 goblins
  7 hobgoblins
  14 jackals
  6 quokkas (D:6)
  10 ball pythons
  7 bats
  3 frilled lizards (D:1)
  10 kobolds
  A quokka skeleton (D:4)
  21 rats
295 creatures vanquished.

Vanquished Creatures (others)
  2 demonic plants (Temple)
  A fungus (D:12)
3 creatures vanquished.

Grand Total: 298 creatures vanquished

Notes
Turn   | Place    | Note
-------+----------+-------------------------------------------
     0 | D:1      | cheechan the Naga Fighter began the quest for the Orb.
     0 | D:1      | Reached XP level 1. HP: 21/21 MP: 1/1
   133 | D:1      | Reached XP level 2. HP: 15/28 MP: 2/2
   485 | D:1      | Reached XP level 3. HP: 34/34 MP: 3/3
   659 | D:1      | Found a faded altar of an unknown god.
  1217 | D:2      | Reached XP level 4. HP: 33/42 MP: 4/4
  1366 | D:2      | Found a radiant altar of Vehumet.
  1454 | D:2      | Reached XP level 5. HP: 37/49 MP: 5/5
  1456 | D:2      | Reached skill level 1 in Dodging
  2211 | D:3      | Learned a level 2 spell: Blink
  2409 | D:3      | Found a stormy altar of Qazlal.
  2651 | D:3      | You fall into a shaft and drop 2 floors!
  2651 | D:5      | Entered Level 5 of the Dungeon
  2652 | D:5      | Noticed a phantom
  2666 | D:4      | Killed a phantom
  2667 | D:4      | Reached XP level 6. HP: 23/57 MP: 6/6
  2671 | D:4      | Reached skill level 1 in Stealth
  2760 | D:4      | Noticed an orc warrior
  2856 | D:4      | Killed an orc warrior
  2914 | D:4      | HP: 2/57 [ogre (13)]
  2920 | D:4      | Reached XP level 7. HP: 9/64 MP: 7/7
  3089 | D:4      | Reached skill level 5 in Short Blades
  3090 | D:4      | Found a shimmering blue altar of Sif Muna.
  3169 | D:4      | Identified the +4 flail "Fickopaq" {speed, Will+ Str+5}
  3603 | D:5      | Found Uludaorch's Magic Scroll Boutique.
  3612 | D:5      | Learned a level 1 spell: Magic Dart
  3656 | D:5      | Bought a scroll of identify for 28 gold pieces
  3656 | D:5      | Bought a scroll of identify for 28 gold pieces
  3656 | D:5      | Bought a scroll of identify for 28 gold pieces
  3674 | D:5      | Found a staircase to the Ecumenical Temple.
  3684 | Temple   | Entered the Ecumenical Temple
  3710 | Temple   | Became a worshipper of Warmaster Okawaru
  3875 | D:5      | Reached skill level 1 in Maces & Flails
  3999 | D:5      | Found a hide-covered altar of Uskayaw.
  3999 | D:5      | Noticed a +0 dagger
  4000 | D:5      | Noticed a +0 hand axe
  4145 | D:5      | Reached XP level 8. HP: 73/73 MP: 8/8
  4361 | D:5      | You fall into a shaft and drop 3 floors!
  4361 | D:8      | Noticed a shadow
  4361 | D:8      | Found a hazy altar of Hepliaklqana.
  4361 | D:8      | Found a shadowy altar of Dithmenos.
  4393 | D:8      | Found a sacrificial altar of Ru.
  4490 | D:7      | Reached * piety under Okawaru
  4593 | D:7      | Identified the ring of Vampiric Thralls {Fly rF+ rC+ Str-4}
  5054 | D:6      | Reached skill level 5 in Fighting
  5160 | D:6      | Reached skill level 5 in Maces & Flails
  5277 | D:6      | Reached ** piety under Okawaru
  5278 | D:6      | Reached XP level 9. HP: 41/81 MP: 10/10
  6172 | D:8      | Found an opulent altar of Gozag.
  6249 | D:8      | Found a shimmering altar of Xom.
  6430 | D:8      | Noticed a komodo dragon
  6441 | D:8      | Killed a komodo dragon
  6484 | D:8      | Reached *** piety under Okawaru
  6487 | D:8      | Noticed a komodo dragon
  6503 | D:8      | Identified the +10 trident of Gushusai {vorpal, +Blink rN+
                  | Int+3 Dex-3}
  6509 | D:8      | Found Zollut Qoli's Book Shoppe.
  6542 | D:8      | Found a sparkling altar of Nemelex Xobeh.
  6739 | D:8      | Reached XP level 10. HP: 91/91 MP: 11/11
  6761 | D:8      | Reached skill level 1 in Polearms
  7168 | D:8      | Reached skill level 2 in Polearms
  7168 | D:8      | Reached skill level 5 in Stealth
  7172 | D:8      | Found a staircase to the Lair.
  7435 | D:9      | Noticed Pikel
  7459 | D:9      | Killed Pikel
  7460 | D:9      | Reached skill level 3 in Polearms
  7500 | D:9      | Found a blossoming altar of Fedhas.
  7524 | D:9      | Found a runed translucent door.
  7524 | D:9      | Noticed Psyche
  7525 | D:9      | Found a shimmering altar of Xom.
  7525 | D:9      | Noticed R007833r's ghost (novice DrBe)
  7527 | D:9      | Noticed a +0 broad axe of chaos
  7530 | D:9      | Killed Psyche
  7530 | D:9      | Reached **** piety under Okawaru
  7578 | D:9      | Reached skill level 4 in Polearms
  7737 | D:9      | Killed R007833r's ghost
  7742 | D:9      | Killed a +0 broad axe of chaos
  7742 | D:9      | Reached ***** piety under Okawaru
  7743 | D:9      | Reached skill level 5 in Polearms
  7823 | D:9      | Found a staircase to the Orcish Mines.
  7846 | D:9      | HP: 3/92 [orc warrior (13)]
  7848 | D:9      | Noticed a boulder beetle
  7899 | D:9      | Noticed a rakshasa
  7909 | D:10     | Entered Level 10 of the Dungeon
  7986 | D:10     | Reached skill level 1 in Evocations
  7986 | D:10     | Reached XP level 11. HP: 51/99 MP: 12/12
  8026 | D:10     | Found Agafyesk's Book Shoppe.
  8132 | D:10     | Found a burning altar of Makhleb.
  8135 | D:10     | Noticed a green death
  8136 | D:10     | Found a glowing silver altar of Zin.
  8137 | D:10     | Noticed an angel
  8209 | D:10     | Reached skill level 6 in Polearms
  8834 | D:9      | Found a radiant altar of Vehumet.
  8916 | D:9      | Reached skill level 5 in Shields
  9047 | D:9      | Found a glowing golden altar of the Shining One.
  9412 | D:11     | Gained mutation: You sometimes lose the ability to read
                  | scrolls when taking damage. [potion of mutation]
  9412 | D:11     | Gained mutation: You have a pair of small horns on your
                  | head. [potion of mutation]
  9453 | D:11     | Noticed a boulder beetle
  9480 | D:11     | Killed a boulder beetle
  9481 | D:11     | Reached skill level 7 in Polearms
  9481 | D:11     | Reached skill level 5 in Dodging
  9500 | D:11     | Noticed a two-headed ogre
  9509 | D:11     | Killed a two-headed ogre
  9509 | D:11     | Received a gift from Okawaru
  9510 | D:11     | Reached skill level 5 in Armour
  9716 | D:11     | Noticed Harold
  9740 | D:11     | Killed Harold
 10069 | D:11     | Reached skill level 8 in Polearms
 10157 | D:11     | Noticed Urug
 10173 | D:11     | Killed Urug
 10209 | D:11     | Identified the amulet "Huope Iwe" {RegenMP rN+ Dex+3}
 10661 | D:12     | Identified the +4 hunting sling of Kunkerao {vorpal, +Blink
                  | rCorr Str-3 Int+5} (Okawaru gifted it to you on level 12 of
                  | the Dungeon)
 10661 | D:12     | Received a gift from Okawaru
 10695 | D:12     | Noticed a manticore
 10710 | D:12     | Killed a manticore
 10711 | D:12     | Reached XP level 12. HP: 71/110 MP: 13/13
 10767 | D:12     | Noticed a boulder beetle
 10782 | D:12     | Killed a boulder beetle
 10785 | D:12     | Got the Tome of Orientation and Air
 10929 | D:12     | Found a sacrificial altar of Ru.
 11043 | D:12     | Noticed a boulder beetle
 11058 | D:12     | Killed a boulder beetle
 11310 | D:12     | Noticed a death knight
 11332 | D:13     | Reached skill level 9 in Polearms
 11371 | D:13     | Noticed Kirke
 11385 | D:13     | Noticed a vault guard
 11401 | D:13     | Killed Kirke
 11804 | D:13     | Identified the +3 barding "Kaewuwn" {Contam Str+9 Slay+2}
                  | (Okawaru gifted it to you on level 13 of the Dungeon)
 11804 | D:13     | Received a gift from Okawaru
 11824 | D:13     | Noticed Jorgrun
 11846 | D:13     | Killed from afar by Jorgrun

Illustrated notes

Levels and vault maps discovered:
D:1:      onia_arrival_pyramid, layout_loops_corners, basic_ecumenical_altar,
          minmay_door_square
D:2:      layout_loops_corners, basic_altar, minmay_misc_feat_cross,
          minmay_misc_feat_x, minmay_misc_feat_four_crosses
D:3:      layout_rooms, nicolae_qazlal_eye_of_the_storm
D:4:      layout_loops_ring, tgw_sif
D:5:      layout_cave_pods, dancing_weapons_uskayaw,
          minmay_temple_entry_large_hall, serial_shops, nicolae_square_shop,
          grunt_ministairs_15
D:6:      lemuel_ratsnest, layout_basic, kennysheep_nondescript
D:7:      cheibrodos_quashed, layout_rooms
D:8:      layout_basic, riverfiend_overflow_shadow_ancestor,
          overflow_temple_1_default, nicolae_gozag_seed_capital,
          lemuel_crystal_altar, kennysheep_mini, erik_lair_dragon, serial_shops,
          shop_fountains
D:9:      cheibrodos_elevator_heist, layout_long_grid,
          mainiacjoe_overflow_concentric_impassable, marbit_many_paths,
          lemuel_doored_altar, minmay_orc_entry_temple_small, ebering_ghost_xom,
          uniq_pikel, uniq_psyche
D:10:     layout_long_grid, grunt_temple_overflow_order_and_chaos_2,
          serial_shops, shop
D:11:     kennysheep_blocky_room, layout_loops_ring, uniq_harold, uniq_urug
D:12:     layout_irregular_city, nicolae_ru_the_path_less_chosen
D:13:     layout_cave_pools, grunt_vaults_entry_fortified, uniq_jorgrun,
          uniq_kirke
Temple:   corrupted_temple

Skill      XL: |  1  2  3  4  5  6  7  8  9 10 11 12 |
---------------+-------------------------------------+-----
Armour         | 3 4 5 |  5.3
Short Blades   | 3 4 5 |  5.3
Dodging        | 1 2 3 4 5 6 |  6.3
Shields        | 3 4 5 6 |  6.5
Stealth        | 1 2 4 6 7 |  7.1
Fighting       | 4 5 6 7 8 |  8.2
Maces & Flails | 2 5 7 |  7.8
Polearms       | 5 8 9 |  9.6
Evocations     | 1 2 |  2.4
Spellcasting   | |  0.7
Translocations | |  0.3
Invocations    | |  0.8

Action                   |  1- 3 |  4- 6 |  7- 9 | 10-12 || total
-------------------------+-------+-------+-------+-------++-------
Melee: Rapier            |   128 |   120 |       |       ||   248
       Dagger            |       |    58 |     8 |       ||    66
       Flail             |       |       |   341 |       ||   341
       Trident           |       |       |    32 |   415 ||   447
       Headbutt          |       |       |       |    40 ||    40
 Cast: Blink             |       |       |     1 |       ||     1
Invok: Heroism           |       |       |       |     5 ||     5
 Abil: Spit Poison       |     9 |    15 |    24 |    30 ||    78
Evoke: Wand              |       |       |     2 |    27 ||    29
       Lightning rod     |       |       |       |     4 ||     4
  Use: Scroll            |     1 |     2 |    13 |    10 ||    26
       Potion            |       |     4 |     4 |     7 ||    15
 Stab: Sleeping          |       |       |     3 |     6 ||     9
       Paralysed         |       |       |     3 |     2 ||     5
       Invisible         |       |       |       |     1 ||     1
Armor: Scale mail        |    71 |    49 |       |       ||   120
       Troll leather arm |       |    50 |   125 |   210 ||   385
       Skin              |       |       |    17 |    44 ||    61
Dodge: Dodged            |    52 |   107 |   142 |   189 ||   490
Block: Buckler           |    28 |    49 |    82 |    39 ||   198
       Tower shield      |       |       |       |   242 ||   242

Table legend: (Time is in decaauts)
 A = Elapsed time spent in this place.
 B = Non-inter-level travel time spent in this place.
 C = Inter-level travel time spent in this place.
 D = Time resting spent in this place.
 E = Time spent auto-exploring this place.
 F = Levels seen in this place.
 G = Mean time per level.
                   A        B        C        D        E       F      G
               +--------+--------+--------+--------+--------+-----+--------+
         Total |  15699 |  15692 |      7 |    453 |      0 |  14 | 1121.4 |
       Dungeon |  15623 |  15616 |      7 |    453 |      0 |  13 | 1201.8 |
        Temple |     75 |     75 |      0 |      0 |      0 |   1 |   75.0 |
               +--------+--------+--------+--------+--------+-----+--------+

Top non-repeatable levels by time:
     D:8: 1877 daAuts
    D:11: 1658 daAuts
     D:9: 1547 daAuts
     D:2: 1439 daAuts
     D:6: 1382 daAuts
     D:1: 1379 daAuts
     D:4: 1104 daAuts
    D:10: 1057 daAuts
     D:5: 993 daAuts
    D:12: 906 daAuts
     D:3: 814 daAuts
     D:7: 777 daAuts
    D:13: 685 daAuts
  Temple: 75 daAuts
